 Dungeon Crawl Stone Soup version 0.18-a0-1070-gd466a24 (console) character file.

167 FIQ the Insei (level 5, -4/28 HPs)
             Began as a Vine Stalker Monk on Jan 13, 2016.
             Was a Believer of Kikubaaqudgha.
             Killed by divine providence
             ... invoked by an orc priest
              (6 damage)
             ... on level 4 of the Dungeon.
             The game lasted 00:08:57 (2056 turns).

FIQ the Insei (Vine Stalker Monk)                   Turns: 2056, Time: 00:08:59

Health: -4/28      AC:  3    Str: 14    XL:     5   Next: 48%
Magic:  0/6        EV: 13    Int: 11    God:    Kikubaaqudgha [**....]
Gold:   123        SH:  0    Dex: 16    Spells: 1 memorised, 1 level left

rFire  . . .     SeeInvis .     p - +0 dagger (flame)
rCold  . . .     Gourm    .     a - +0 robe
rNeg   . . .     Faith    .     (no shield)
rPois  .         Spirit   +     (no helmet)
rElec  .         Dismiss  .     u - +0 cloak
rCorr  .         Reflect  .     (no gloves)
SustAt .         Harm     .     (no boots)
MR     .....                    q - amulet of magic regeneration
Stlth  ++........               (no ring)
                                (no ring)

@: not resistant to hostile enchantments, unstealthy
A: fangs 2, regeneration 1, magic shield, antimagic bite, no device heal 3, rot
immunity
a: Receive Corpses, Renounce Religion


You were on level 4 of the Dungeon.
You worshipped Kikubaaqudgha.
Kikubaaqudgha was pleased with you.
You were not hungry.

You visited 1 branch of the dungeon, and saw 4 of its levels.

You collected 123 gold pieces.

Inventory:

Hand Weapons
 h - a +0 dagger
 p - a +0 dagger of flaming (weapon)
 z - a +0 mace of protection
Armour
 a - a +0 robe (worn)
 u - a +0 cloak (worn)
Jewellery
 q - an amulet of magic regeneration (around neck)
Wands
 y - a wand of flame (23/48)
Scrolls
 d - 3 scrolls of identify {unknown}
 e - 3 scrolls of teleportation {unknown}
 l - a scroll of remove curse {unknown}
 s - a scroll of fear {unknown}
 x - a scroll of amnesia {unknown}
 A - a scroll of fog {unknown}
Potions
 c - a potion of brilliance {unknown}
 m - 3 potions of haste {unknown}
 o - a potion of flight {unknown}
 r - a potion of mutation {unknown}
 t - a potion of invisibility {unknown}
 v - 2 potions of might {unknown}
Books
 n - Kikubaaqudgha's Papyrus of Sinister Magic
   (Kikubaaqudgha gifted it to you on level 2 of the Dungeon)

   Spells                             Type                      Level
   a - Animate Skeleton               Necromancy                   1
   b - Corpse Rot                     Necromancy                   2
   c - Sublimation of Blood           Necromancy                   2
   d - Regeneration                   Charms/Necromancy            3
   e - Control Undead                 Necromancy                   4
Comestibles
 b - 3 bread rations
 f - 3 fruits
 g - a chunk of flesh
 i - 2 slices of pizza
 j - a royal jelly
 k - 4 meat rations
 w - a beef jerky


   Skills:
 + Level 3.4 Fighting
 * Level 2.3 Short Blades
 + Level 3.2 Dodging
 - Level 2.4 Stealth
 - Level 4.0 Unarmed Combat
 * Level 2.0 Necromancy


You had one spell level left.
You knew the following spells:

 Your Spells              Type           Power        Failure   Level  Hunger
a - Regeneration          Chrm/Necr      #.........   73%         3    ####...


Dungeon Overview and Level Annotations

Branches:
Dungeon (4/15)
 Temple: D:4-7

Altars:
Kikubaaqudgha


Innate Abilities, Weirdness & Mutations

You have extremely sharp teeth.
Your natural rate of healing is unusually fast.
When hurt, damage is shared between your health and your magic reserves.
Your bite disrupts and absorbs the magic of your enemies.
Potions and wands cannot restore your health.
You are immune to rotting.


Message History

You kill the orc priest!
Kikubaaqudgha accepts your kill.
Your Necromancy skill increases to level 2!
The jackal closely misses you.
The jackal bites you but does no damage.
Drink which item? (? for menu, Esc to quit)
Okay, then.
You closely miss the jackal. Your bite misses the jackal.
The orc priest looks braver for a moment.
The jackal bites you but does no damage.
The jackal bites you.
You hit the jackal. You burn the jackal. You bite the jackal.
You drain its power.
You feel invigorated.
The jackal is almost dead.
The jackal closely misses you.
The jackal bites you but does no damage.
The orc priest calls down the wrath of Beogh upon you.
Something smites you!
You die...
Kikubaaqudgha rasps: "You have failed me!
Welcome... death!"

# .## ..##
#...##
######....%##
.###...h(......#
......†@<...$...
.###.oh)........
#.###.#..###. #
#.#..... #.#
#### ... ###


You could see an orc priest and 2 jackals.

Vanquished Creatures
  An orc priest (D:4)
  Natasha (twice) (D:3)
  2 adders
  2 worms (D:2)
  3 giant geckos (D:2)
  2 ball pythons
  2 giant cockroaches (D:2)
  5 goblins
  13 hobgoblins
  6 jackals
  11 kobolds
  A quokka (D:3)
  4 bats
  2 giant newts (D:1)
  5 rats
61 creatures vanquished.

Notes
Turn   | Place    | Note
--------------------------------------------------------------
     0 | D:1      | FIQ the Vine Stalker Monk began the quest for the Orb.
     0 | D:1      | Reached XP level 1. HP: 11/11 MP: 2/2
   135 | D:1      | Reached XP level 2. HP: 5/16 MP: 3/3
   422 | D:1      | Reached XP level 3. HP: 17/20 MP: 4/4
   545 | D:2      | Found an ancient bone altar of Kikubaaqudgha.
   551 | D:2      | Became a worshipper of Kikubaaqudgha
   551 | D:2      | Reached * piety under Kikubaaqudgha
   551 | D:2      | Received a gift from Kikubaaqudgha
   551 | D:2      | Reached ** piety under Kikubaaqudgha
   552 | D:2      | Identified Kikubaaqudgha's Papyrus of Sinister Magic (Kikubaaqudgha gifted it to you on level 2 of the Dungeon)
   561 | D:2      | Reached skill level 1 in Short Blades
  1051 | D:2      | Reached XP level 4. HP: 22/24 MP: 5/5
  1372 | D:3      | Reached skill level 1 in Necromancy
  1566 | D:3      | Noticed Natasha
  1577 | D:3      | Killed Natasha
  1793 | D:3      | Learned a level 3 spell: Regeneration
  1868 | D:3      | Noticed Natasha
  1879 | D:3      | Killed Natasha
  1879 | D:3      | Reached XP level 5. HP: 4/28 MP: 2/6
  2056 | D:4      | Killed from afar by an orc priest

Vault maps used:
D:1:      dpeg_arrival_arbitrary_b
D:2:      old_standard_altar, hangedman_decor_clover_reticule
D:3:      uniq_natasha
D:4:      vehumet_altar_wand_db, first_bread, kennysheep_diamond

Action                   |  1- 3 |  4- 6 || total
-------------------------+-------+-------++-------
Melee: Unarmed           |    40 |       ||    40
       Dagger            |   104 |    80 ||   184
 Stab: Sleeping          |     4 |     1 ||     5
  Eat: Chunk             |     1 |     3 ||     4
